 Dungeon Crawl Stone Soup version 0.22-a0-392-g5dc3fd9 (webtiles) character file.

168 nikopol the Firebug (level 5, -2/28 HPs)
             Began as a Deep Elf Fire Elementalist on May 2, 2018.
             Slain by an orc (4 damage)
             ... on level 3 of the Dungeon.
             The game lasted 00:05:25 (2077 turns).

nikopol the Firebug (Deep Elf Fire Elementalist)    Turns: 2077, Time: 00:05:25

Health: -2/28      AC:  2    Str:  5    XL:     5   Next: 24%
Magic:  3/13       EV: 13    Int: 21    God:
Gold:   160        SH:  0    Dex: 15    Spells: 6/12 levels left

rFire    . . .     SeeInvis .   b - +0 dagger
rCold    . . .     Gourm    .   (no shield)
rNeg     . . .     Faith    .   a - +0 robe
rPois    .         Spirit   .   (no helmet)
rElec    .         Reflect  .   (no cloak)
rCorr    .         Harm     .   (no gloves)
MR       .....                  (no boots)
Stlth    +++.......             (no amulet)
HPRegen  0.09/turn              (no ring)
MPRegen  0.13/turn              (no ring)

@: very slightly contaminated
A: no striking features
a: no special abilities


You were on level 3 of the Dungeon.
You were hungry.

You visited 1 branch of the dungeon, and saw 3 of its levels.

You collected 160 gold pieces.

Inventory:

Hand Weapons
 b - a +0 dagger (weapon)
Armour
 a - a +0 robe (worn)
Jewellery
 l - an uncursed amulet of harm {unknown}
Scrolls
 f - a scroll of noise {unknown}
 h - a scroll of fog {unknown}
 j - 3 scrolls of fear {unknown}
 k - 2 scrolls of identify {unknown}
 m - 2 scrolls of teleportation {unknown}
Potions
 d - a potion of magic {unknown}
 e - 2 potions of curing {unknown}
 g - 3 potions of heal wounds {unknown}
 i - 2 potions of flight {unknown}
Comestibles
 c - 7 rations
 n - 3 chunks of flesh


   Skills:
 + Level 0.1 Fighting
 + Level 3.1 Dodging
 + Level 3.7 Stealth
 + Level 4.1 Spellcasting
 + Level 2.6 Conjurations
 + Level 4.6 Fire Magic


You had 6 spell levels left.
You knew the following spells:

 Your Spells              Type           Power        Failure   Level  Hunger
a - Flame Tongue          Conj/Fire      ###..        2%          1    None
b - Throw Flame           Conj/Fire      ###...       4%          2    #......
c - Conjure Flame         Conj/Fire      ###.....     9%          3    ###....


Dungeon Overview and Level Annotations

Branches:
Dungeon (3/15)

Altars:
Cheibriados
Hepliaklqana
Nemelex Xobeh
Okawaru
Trog
Uskayaw
Xom
The Shining One


Message History

The flame tongue hits the orc wizard.
The orc wizard is almost dead.
The orc wizard casts a spell at you. The magic dart hits you!
* * * LOW HITPOINT WARNING * * *
Casting: Flame Tongue (safe; 2% risk of failure)
Confirm with . or Enter, or press ? or * to list all spells.
Aiming: Flame Tongue (safe; 2% risk of failure)
Press: ? - help, Shift-Dir - straight line, f/p - orc wizard
Aim: an orc wizard, wielding a dagger and wearing a robe (almost dead)
The flame tongue hits the orc wizard.
You kill the orc wizard!
Your Spellcasting skill increases to level 4!
Casting: Flame Tongue (safe; 2% risk of failure)
Confirm with . or Enter, or press ? or * to list all spells.
Aiming: Flame Tongue (safe; 2% risk of failure)
Press: ? - help, Shift-Dir - straight line, f - orc
Aim: an orc, wearing a ring mail The flame tongue hits the orc.
The orc appears unharmed.
The orc hits you.
You die...

#..# ##.# #.## ########
##..#### #......## #......#
#.##8..8##
####......#########.#_...._#
...)................###..###
######....######.####_....#
#.(..# #@# ###..### #....#
#o# #..(..8# #..(.# #.#
###..### #....# #o# #_...(_#
#....## #.# ###..### #.....#
#)# #_.....# #####.## #.#
##..._## #..# #.# ######
##.# #.#


You could see 2 orcs.

Vanquished Creatures
  Natasha (thrice) (D:3)
  An orc wizard (D:3)
  An adder (D:2)
  3 dart slugs
  2 leopard geckos (D:3)
  An orc (D:3)
  6 bats
  2 giant cockroaches
  5 goblins
  7 hobgoblins
  4 jackals (D:3)
  2 quokkas
  5 frilled lizards
  3 kobolds
  4 rats
49 creatures vanquished.

Notes
Turn   | Place    | Note
-------+----------+-------------------------------------------
     0 | D:1      | nikopol the Deep Elf Fire Elementalist began the quest for the Orb.
     0 | D:1      | Reached XP level 1. HP: 10/10 MP: 6/6
    93 | D:1      | Reached XP level 2. HP: 15/15 MP: 4/8
   876 | D:2      | Found a bloodstained altar of Trog.
   879 | D:2      | Reached XP level 3. HP: 19/19 MP: 6/9
   886 | D:2      | Learned a level 2 spell: Throw Flame
   890 | D:2      | Learned a level 3 spell: Conjure Flame
  1420 | D:3      | Noticed Natasha
  1426 | D:3      | Killed Natasha
  1426 | D:3      | Reached XP level 4. HP: 24/24 MP: 3/11
  1835 | D:3      | Noticed Natasha
  1837 | D:3      | Killed Natasha
  1939 | D:3      | Found a sparkling altar of Nemelex Xobeh.
  1949 | D:3      | Found a glowing golden altar of the Shining One.
  2013 | D:3      | Found a snail-covered altar of Cheibriados.
  2014 | D:3      | Found a shimmering altar of Xom.
  2017 | D:3      | Found a hide-covered altar of Uskayaw.
  2018 | D:3      | Found an iron altar of Okawaru.
  2021 | D:3      | Found a hazy altar of Hepliaklqana.
  2050 | D:3      | Noticed Natasha
  2056 | D:3      | Killed Natasha
  2056 | D:3      | Reached XP level 5. HP: 14/28 MP: 7/12
  2077 | D:3      | Slain by an orc

Vault maps used:
D:1:      lightli_arrival_statue_moat
D:2:      old_standard_altar, first_ration, serial_forest,
          infiniplex_forest_clump_double, infiniplex_forest_3_way,
          infiniplex_forest_end_3, infiniplex_forest_clump_tiny,
          infiniplex_forest_corner_2
D:3:      nicolae_overflow_hidden_temple, minitemple, st_stairs_7, hex_tiny,
          uniq_natasha

Skill      XL: |  1  2  3  4  5 |
---------------+----------------+-----
Dodging        | 3 |  3.1
Stealth        | 3 |  3.7
Conjurations   | 2 |  2.6
Fire Magic     | 4 |  4.6
Spellcasting   | 4 |  4.1
Fighting       | |  0.1

Action                   |  1- 3 |  4- 6 || total
-------------------------+-------+-------++-------
Melee: Dagger            |       |     1 ||     1
 Cast: Flame Tongue      |    60 |    27 ||    87
       Conjure Flame     |     1 |     1 ||     2
  Eat: Chunk             |     1 |     2 ||     3
Armor: Robe              |     6 |     5 ||    11
Dodge: Dodged            |     7 |     9 ||    16

Table legend:
 A = Spawn XP
 B = Non-spawn XP
 C = Spawn XP percentage of total XP
 D = Spawn monster count
 E = Non-spawn monster count
 F = Spawn count percentage of total count
 G = Total turns spent on level
                    A         B        C        D         E        F      G
               +---------+---------+-------+---------+---------+-------+---------
         Total |       0 |     241 |   0.0 |       0 |      49 |   0.0 |  2077
               +---------+---------+-------+---------+---------+-------+---------
           D:1 |       0 |      37 |   0.0 |       0 |      19 |   0.0 |   736
           D:2 |       0 |      35 |   0.0 |       0 |      15 |   0.0 |   656
           D:3 |       0 |     169 |   0.0 |       0 |      15 |   0.0 |   685
               +---------+---------+-------+---------+---------+-------+---------
